Map: Fracture LE

Players

Iceman

  • Race: Zerg Zerg
  • League: Diamond
  • Spawn Location: 11:00

rOodStar - Winner!

  • Race: Protoss Protoss
  • League: Diamond
  • Spawn Location: 5:00

VOD

Have the link to the VOD?

Description

Time

  • Played on: Oct. 2, 2018, 4:50 p.m.
  • Length: 16:07
Show
View Real Time Build Order
Export as new Build Order

Iceman Zerg 

Build Orders: Hatch First 

Get SALT Encoding   

  12  0:01  Drone  
  13  0:13  Overlord  
  13  0:16  Drone  
  14  0:31  Drone x2  
  14  0:34  Drone  
  17  0:52  Hatchery  
  17  0:55  Drone  
  17  0:58  Drone  
  18  1:10  Extractor  
  17  1:13  Spawning Pool  
  17  1:15  Drone  
  17  1:21  Drone  
  18  1:29  Drone  
  19  1:44  Hatchery  
  18  1:49  Drone  
  18  1:50  Drone  
  20  2:00  Drone  
  21  2:04  Drone  
  22  2:11  Queen  
  22  2:12  Drone  
  25  2:17  Drone  
  26  2:27  Overlord  
  26  2:30  Zergling x2  
  26  2:32  Zergling x2  
  26  2:34  Metabolic Boost  
  28  2:45  Drone x2  
  28  2:47  Drone  
  28  2:49  Queen  
  33  2:54  Drone  
  33  2:56  Drone  
  33  2:57  Overlord  
  35  3:02  Queen  
  35  3:04  Drone  
  38  3:07  Drone  
  38  3:09  Drone  
  40  3:15  Drone  
  44  3:20  Drone x3  
  44  3:21  Drone  
  44  3:22  Roach Warren  
  44  3:25  Extractor x2  
  42  3:30  Drone x2  
  42  3:31  Drone  
  45  3:37  Drone  
  45  3:39  Zergling x2  
  47  3:42  Zergling x2  
  48  3:54  Drone x2  
  50  3:55  Overlord  
  50  3:58  Overlord  
  50  4:04  Lair  
  50  4:08  Overlord  
  50  4:17  Spore Crawler  
  49  4:23  Drone x8  
  56  4:29  Extractor  
  59  4:31  Drone x4  
  59  4:34  Evolution Chamber, Roach x3  
  64  4:41  Zergling x2  
  64  4:44  Drone x4  
  69  4:54  Queen x2  
  69  4:57  Drone  
  69  4:58  Overlord  
  69  4:59  Zerg Missile Weapons Level 1  
  74  5:06  Hydralisk Den  
  73  5:08  Overlord  
  73  5:09  Overlord  
  73  5:10  Overlord  
  73  5:17  Extractor  
  72  5:23  Drone x2  
  72  5:25  Overlord  
  75  5:28  Drone x2  
  75  5:29  Hatchery  
  75  5:31  Drone  
  75  5:32  Drone x3  
  75  5:34  Drone x2  
  81  5:35  Drone  
  81  5:39  Extractor  
  81  5:40  Drone x2  
  83  5:43  Drone x2  
  83  5:44  Drone  
  83  5:45  Overlord  
  83  5:47  Overlord  
  86  5:50  Pneumatized Carapace  
  86  5:53  Muscular Augments  
  86  5:54  Hydralisk  
  88  5:58  Hydralisk  
  88  6:03  Hydralisk x2  
  88  6:04  Hydralisk  
  90  6:10  Hydralisk x2  
  100  6:11  Hydralisk  
  102  6:19  Hydralisk x3  
  108  6:27  Hydralisk x4  
  116  6:40  Hydralisk x5  
  116  6:41  Hydralisk  
  128  6:50  Overlord x2  
  128  6:54  Overseer  
  128  7:00  Zerg Missile Weapons Level 2  
  128  7:03  Drone  
  128  7:10  Drone x12  
  140  7:16  Grooved Spines, Glial Reconstitution  
  140  7:18  Hydralisk x2  
  144  7:37  Overlord  
  144  7:38  Overlord  
  144  7:39  Overlord x2  
  144  7:48  Overlord  
  144  7:49  Overseer  
  144  7:50  Overlord  
  144  7:51  Overlord x4  
  144  7:55  Spore Crawler  
  144  7:56  Spine Crawler  
  142  7:59  Overlord  
  142  8:00  Overlord  
  142  8:02  Roach x10  
  162  8:14  Roach x7  
  162  8:15  Roach  
  178  8:20  Overseer x2  
  178  8:21  Hydralisk  
  178  8:25  Drone x3, Infestation Pit  
  178  8:26  Drone  
  183  8:28  Spore Crawler, Spine Crawler  
  183  8:31  Spine Crawler  
  183  8:32  Spine Crawler  
  179  8:34  Extractor  
  178  9:00  Hydralisk x11  
  200  9:05  Hive, Overlord  
  200  9:06  Overlord  
  193  9:51  Hydralisk x5  
  195  10:11  Hydralisk x4  
  195  10:20  Spire, Viper x3  
  195  10:21  Viper  
  198  10:29  Extractor  
  195  10:42  Drone x3  
  196  10:47  Roach x2, Extractor  
  196  10:49  Hatchery  
  198  10:51  Extractor  
  197  11:23  Roach  
  199  11:33  Evolution Chamber, Greater Spire  
  171  12:26  Corruptor  
  171  12:27  Corruptor x13, Spine Crawler  
  171  12:29  Spine Crawler  
  197  12:34  Overseer  
  197  12:35  Overseer  
  130  13:09  Brood Lord  
  130  13:10  Brood Lord x8  
  142  13:14  Hydralisk x4  
  87  14:11  Hatchery  
  87  14:13  Hatchery  
  85  14:22  Hatchery  
  84  14:26  Hatchery  
  81  14:34  Hatchery  
  72  14:46  Hatchery  
  66  15:46  Drone x3  
Show
View Real Time Build Order
Export as new Build Order

rOodStar Protoss - Winner!

Build Orders: 1 Gate Expand, Oracle Opening 

Get SALT Encoding   

  12  0:00  Probe  
  13  0:13  Probe  
  14  0:20  Pylon  
  14  0:25  Probe  
  15  0:35  Probe  
  16  0:43  Probe  
  16  0:45  Gateway  
  17  0:53  Probe  
  18  1:17  Nexus  
  18  1:18  Probe  
  19  1:28  Assimilator  
  19  1:37  Probe  
  19  1:38  Cybernetics Core  
  20  1:43  Assimilator  
  20  1:45  Probe  
  20  1:53  Probe  
  21  1:54  Pylon  
  22  2:04  Probe  
  23  2:12  Probe  
  23  2:16  Adept  
  26  2:24  Probe  
  26  2:25  Probe  
  26  2:26  Forge  
  28  2:33  Probe  
  28  2:36  Probe  
  29  2:42  Warp Gate  
  29  2:43  Adept, Probe  
  32  2:48  Probe  
  34  2:55  Probe, Pylon  
  35  3:00  Probe  
  35  3:03  Probe  
  35  3:05  Stargate  
  36  3:11  Probe  
  36  3:12  Probe  
  38  3:17  Adept  
  41  3:22  Probe  
  41  3:24  Probe  
  44  3:34  Probe  
  44  3:37  Probe  
  44  3:38  Oracle, Protoss Ground Weapons Level 1  
  45  3:44  Adept  
  45  3:46  Probe  
  48  3:49  Probe  
  52  3:56  Pylon  
  52  4:00  Nexus  
  52  4:02  Pylon  
  52  4:10  Probe x2  
  52  4:15  Phoenix  
  56  4:21  Assimilator  
  56  4:22  Probe  
  57  4:26  Assimilator  
  57  4:30  Probe  
  58  4:32  Sentry  
  58  4:34  Probe  
  58  4:35  Pylon  
  61  4:49  Probe  
  62  4:58  Photon Cannon  
  62  4:59  Photon Cannon  
  62  5:03  Gateway  
  62  5:05  Gateway  
  63  5:07  Probe, Gateway  
  63  5:08  Probe  
  63  5:09  Gateway  
  63  5:12  Pylon  
  64  5:18  Twilight Council, Robotics Facility  
  64  5:19  Probe  
  64  5:20  Probe  
  66  5:21  Probe  
  67  5:28  Probe x2  
  67  5:29  Probe  
  67  5:34  Protoss Ground Weapons Level 2  
  70  5:36  Probe x2  
  70  5:37  Probe  
  73  5:47  Probe  
  73  5:48  Probe  
  73  5:49  Probe  
  75  5:56  Probe, Charge  
  76  6:00  Probe, Templar Archives  
  76  6:01  Probe  
  79  6:06  Assimilator  
  79  6:08  Zealot  
  79  6:09  Assimilator, Pylon  
  81  6:15  Probe  
  81  6:17  Probe x2  
  84  6:20  Zealot  
  84  6:21  Zealot x3  
  92  6:27  Pylon  
  92  6:30  Immortal  
  96  6:32  Forge  
  96  6:33  Pylon  
  96  6:37  Psionic Storm  
  96  6:40  High Templar  
  96  6:42  High Templar x2  
  96  6:43  Zealot x2  
  106  6:48  Protoss Ground Armor Level 1, Pylon  
  106  6:50  Pylon  
  106  7:08  Gateway x2  
  106  7:10  Immortal  
  106  7:11  Gateway  
  106  7:12  High Templar x2, Gateway  
  106  7:14  Gateway  
  114  7:40  Nexus  
  114  7:42  Pylon  
  114  7:43  Immortal  
  114  7:44  Pylon  
  114  7:45  Protoss Ground Weapons Level 3  
  114  7:50  Zealot x5  
  128  8:02  Probe x3  
  131  8:10  Zealot x2  
  131  8:11  Zealot x6  
  131  8:12  Zealot  
  149  8:22  Immortal  
  149  8:24  Photon Cannon  
  149  8:27  Photon Cannon  
  153  8:29  Pylon  
  153  8:32  Shield Battery  
  153  8:33  Shield Battery  
  153  8:41  Pylon  
  153  8:42  Pylon  
  153  8:44  Zealot x2  
  157  8:48  Pylon  
  157  8:49  Pylon  
  157  8:51  Pylon  
  157  8:55  Pylon  
  156  9:05  High Templar x2  
  156  9:06  High Templar x5  
  156  9:07  High Templar  
  172  9:10  Archon x3  
  172  9:11  Archon  
  172  9:30  Probe x3  
  172  9:31  Probe  
  168  9:38  Zealot  
  168  9:39  Zealot x4  
  168  9:40  Zealot x2  
  168  9:41  Zealot  
  168  9:43  Zealot  
  180  9:48  Zealot x2  
  169  10:03  Zealot  
  169  10:04  Zealot x5  
  167  10:15  Assimilator  
  167  10:17  Assimilator, High Templar x2  
  167  10:18  High Templar  
  173  10:37  High Templar x2  
  173  10:38  High Templar x3  
  173  10:39  Probe x4  
  187  10:50  Protoss Ground Armor Level 2  
  187  10:51  Probe  
  188  10:58  Zealot x2, Protoss Shields Level 1, Pylon  
  188  10:59  Zealot x2  
  188  11:00  Pylon  
  196  11:06  Fleet Beacon  
  196  11:07  Stargate  
  196  11:09  Stargate  
  196  11:11  Stargate, Protoss Air Weapons Level 1  
  196  11:13  Stalker  
  196  11:18  Zealot  
  195  11:52  Zealot x3  
  195  11:53  Zealot  
  193  12:10  Archon  
  193  12:17  Zealot x4  
  193  12:31  Dark Shrine  
  193  12:44  Nexus  
  193  12:45  Pylon  
  193  12:47  Pylon  
  175  12:59  Carrier  
  171  13:08  Zealot x5  
  171  13:09  Zealot x5  
  195  13:26  Carrier x2  
  185  13:36  Carrier  
  190  13:51  Zealot x3  
  190  13:52  Zealot x2  
  200  14:04  Carrier  
  182  14:15  Stalker x6  
  182  14:16  Stalker  
  190  14:41  Carrier  
Tags
 
Add a new tag
Caveats
  • Supply blocks, unpowered buildings, or Contaminate may cause inaccurate times.
  • Supply counts are checked every 10 seconds.